 Dungeon Crawl Stone Soup version 0.32-a0-814-g0968bab981 (webtiles) character file.

Game seed: 451530395552993485

193 Goblin1989 the Ruffian (level 5, -6/37 HPs)
             Began as a Demonspawn Shapeshifter on Mar 23, 2024.
             Was an Initiate of Okawaru.
             Killed by nerve-wracking pain
             ... invoked by an orc priest
              (14 damage)
             ... on level 3 of the Dungeon.
             The game lasted 00:06:05 (2468 turns).

Goblin1989 the Ruffian (Demonspawn Shapeshifter)    Turns: 2468, Time: 00:06:05

Health: -6/37      AC:  8    Str: 16    XL:     5   Next: 44%
Magic:  5/5        EV:  8    Int: 11    God:    Okawaru [......]
Gold:   92         SH:  0    Dex: 12    Spells: 4/4 levels left

rFire   + .          .
                       - Unarmed
rCold   . . .        (no shield)
rNeg    . . .        o - +0 chain mail
rPois   .            (helmet currently unavailable)
rElec   .            (cloak currently unavailable)
rCorr   .            (gloves currently unavailable)
SInv    .            (boots currently unavailable)
Will    .....        (no amulet) Stlth
                     t - ring of protection from fire
HPRegen 0.26/turn    (no ring)
MPRegen 0.09/turn

%: no passive effects
@: beast-form, wreathed by umbra, very slow
A: beast (slay +2), repulsion field 1, foul shadow 1
a: Begin Untransformation, Renounce Religion


You were on level 3 of the Dungeon.
You worshipped Okawaru.
Okawaru was noncommittal.
You were a hulking beast.
You visited 1 branch of the dungeon, and saw 3 of its levels.

You collected 92 gold pieces.

Inventory:

Hand Weapons
 s - the +5 sling of Drought {heavy, rPois Will- Int+2 Dex+8}
   (You found it on level 3 of the Dungeon)

   Int+2:     It affects your intelligence (+2).
   Dex+8:     It affects your dexterity (+8).
   rPois:     It protects you from poison.
   Will-:     It decreases your willpower.
Missiles
 f - 7 stones (quivered)
 m - 8 boomerangs {@Q3}
Armour
 a - a +0 animal skin
 j - a +0 cloak
 k - a +0 pair of gloves
 o - a +0 chain mail (worn)
Jewellery
 t - a ring of protection from fire (left hand)
Talismans
 c - a beast talisman (active)
 d - a flux talisman
 i - a maw talisman
Scrolls
 n - 2 scrolls of identify {unknown}
 p - 2 scrolls of enchant armour {unknown}
 r - a scroll of vulnerability {unknown}
Potions
 e - a potion of mutation {unknown}
 g - a potion of heal wounds {unknown}
 h - a potion of resistance {unknown}
 q - a potion of curing {unknown}


   Skills:
 - Level 1.0 Fighting
 + Level 1.2 Armour
 - Level 1.7 Dodging
 * Level 4.3 Unarmed Combat
 * Level 4.0 Shapeshifting


You had 4 spell levels left.
You didn't know any spells.
Your spell library contained the following spells:

 Spells                   Type           Power      Damage    Failure   Level
 Lesser Beckoning         Tloc           0%         N/A       100%        2
 Mercury Vapours          Alch/Air       0%         N/A       100%        2
 Dazzling Flash           Conj/Hex       0%         N/A       100%        3
 Gell's Gravitas          Tloc           0%         N/A       100%        3
 Mephitic Cloud           Conj/Alch/Air  0%         N/A       100%        3
 Teleport Other           Tloc           0%         N/A       100%        3
 Curse of Agony           Necr           0%         N/A       100%        5
 Freezing Cloud           Conj/Ice/Air   0%         6-21      100%        5
 Silence                  Hex/Air        0%         N/A       100%        5


Dungeon Overview and Level Annotations

Branches:
Dungeon (3/15) Zot: 15545

Altars:
Okawaru

Shops:
D:2 [

Annotations:
D:2 1 runed translucent door, Crazy Yiuf


Innate Abilities, Weirdness & Mutations

You are a hulking beast.
Your limbs bulge with bestial killing power. (Slay +2)
You are surrounded by a mild repulsion field. (EV +2)
You are faintly shadowed, very rarely releasing foul flame when damaged in melee.


Message History

Okawaru accepts your kill. The liquid fire burns you!
Your Shapeshifting skill increases to level 4!
You take 1 damage, and have 31/37 hp.
You closely miss the goblin. The liquid fire burns you!
The goblin unwields a +0 sling.
The goblin wields a +0 club.
The goblin closely misses you.
You take 1 damage, and have 30/37 hp.
You shake off some of the fire as you move.
The liquid fire burns you!
The goblin unwields a +0 club.
The goblin wields a +0 sling.
The goblin shoots a sling bullet.
The sling bullet closely misses you.
You see here a +0 dagger.
You take 1 damage, and have 29/37 hp.
You shake off the liquid fire.
The goblin unwields a +0 sling.
The goblin wields a +0 club.
The goblin closely misses you.
You see here a +0 dagger.
You hit the goblin.
The goblin is heavily wounded.
The goblin hits you but does no damage.
You hit the goblin.
You kill the goblin!
Okawaru accepts your kill.
You closely miss the goblin. The goblin misses you.
You closely miss the goblin. The goblin hits you but does no damage.
You barely miss the goblin. Your punch misses the goblin.
The goblin barely misses you.
You punch the goblin!
You kill the goblin!
Okawaru accepts your kill.
Things that are here:
a +0 dagger; a +0 club; a +0 sling
f - 7 stones (gained 2)
Items here: ))))))) [[ ††††.
Unknown command.
HP restored.
Things that are here:
a +0 club; a +0 sling
Things that are here:
a +0 club; a goblin corpse A hobgoblin is nearby!
Health restored: 37 A hobgoblin is nearby!
A hobgoblin is nearby!
You hit the hobgoblin but do no damage.
The hobgoblin hits you but does no damage.
You barely miss the hobgoblin. The hobgoblin hits you.
You take 2 damage, and have 35/37 hp.
You hit the hobgoblin.
You kill the hobgoblin!
Okawaru accepts your kill.
No target in view!
No target in view!
No target in view!
No target in view!
No target in view!
No target in view!
No target in view!
No target in view!
No target in view!
No target in view!
No target in view!
No target in view!
No target in view!
No target in view!
No target in view!
The orc priest shouts!
You hear a shout!
Items here: ) †††.
Health restored: 37 An orc priest is nearby!
An orc priest is nearby!
A hobgoblin comes into view.
The hobgoblin shouts!
You enter the shallow water.
Moving in this stuff is going to be slow.
The orc priest mumbles some strange prayers to Beogh against you.
Pain shoots through your body!
Your unstable footing causes you to fumble your attack.
The orc priest calls down the wrath of Beogh upon you.
Pain shoots through your body!
* * * LOW HITPOINT WARNING * * *
You are too injured to fight recklessly!
You are too injured to fight recklessly!
You are too injured to fight recklessly!
You are too injured to fight recklessly!
You take 24 damage, and have 13/37 hp.
MASSIVE DAMAGE!!
You are too injured to fight recklessly!
Your unstable footing causes you to fumble your attack.
An orc comes into view. It is wielding a +0 dagger.
The orc priest hits you with a +0 club.
* * * LOW HITPOINT WARNING * * *
You take 5 damage, and have 8/37 hp.
Your unstable footing causes you to fumble your attack.
The orc shouts!
You hear a shout!
The hobgoblin closely misses you.
The orc priest mumbles some strange prayers to Beogh against you.
Pain shoots through your body!
You die... █......... █.....~~... ███████████

█....~..~~.
)))...)...████....~....~
██)...███...)......~~Ψ..
....█.████.██.?.....Ψ~~.
███....███..██...~~....~
███........█..~..~~..~
██>......█..hg...~~.
███████.....o~...o.
█......~~....
█...███~~~~~~ ██.██
█~~~~█ ..█


█████ ... ███ You could see an orc priest, an orc and a hobgoblin.

Vanquished Creatures
  A bombardier beetle (D:3)
  Terence (D:2)
  Robin (D:3)
  A gnoll (D:1)
  4 adders
  3 dart slugs
  2 ribbon worms (D:2)
  An orc (D:3)
  5 bats
  6 endoplasms
  2 giant cockroaches
  15 goblins
  6 hobgoblins
  2 kobolds (D:3)
  2 quokkas
  5 ball pythons
  2 frilled lizards
  5 rats
64 creatures vanquished.

Notes
Turn   | Place    | Note
-------+----------+-------------------------------------------
     0 | D:1      | Goblin1989 the Demonspawn Shapeshifter began the quest for
                  | the Orb.
     0 | D:1      | Reached XP level 1. HP: 15/15 MP: 1/1
   255 | D:1      | Gained mutation: You are surrounded by a mild repulsion
                  | field. (EV +2) [demonic ancestry]
   255 | D:1      | Reached XP level 2. HP: 21/21 MP: 2/2
   589 | D:1      | Reached XP level 3. HP: 18/26 MP: 3/3
   623 | D:1      | Found a faded altar of an unknown god.
  1140 | D:2      | Noticed Terence
  1157 | D:2      | Killed Terence
  1160 | D:2      | Reached XP level 4. HP: 15/32 MP: 4/4
  1613 | D:2      | Found Agitauw's Antique Armour Shoppe.
  2013 | D:2      | Found a runed translucent door.
  2014 | D:2      | Noticed Crazy Yiuf
  2097 | D:3      | Found an iron altar of Okawaru.
  2106 | D:3      | Became a worshipper of Warmaster Okawaru
  2181 | D:3      | Identified the +5 sling of Drought {heavy, rPois Will-
                  | Int+2 Dex+8}
  2342 | D:3      | Noticed Robin
  2378 | D:3      | Killed Robin
  2379 | D:3      | Gained mutation: You are faintly shadowed, very rarely
                  | releasing foul flame when damaged in melee. [demonic
                  | ancestry]
  2379 | D:3      | Reached XP level 5. HP: 30/37 MP: 5/5
  2384 | D:3      | Reached skill level 1 in Armour
  2468 | D:3      | Killed from afar by an orc priest

Illustrated notes

Levels and vault maps discovered:
D:1:      scummos_arrival_checkerplants, layout_basic,
          hellmonk_ecumenical_altar_slurped_away, minmay_pentomino_w2
D:2:      layout_loops_ring, serial_shops, shop, uniq_terence,
          uniq_crazy_yiuf_cottage
D:3:      cheibrodos_helix_gallery, layout_rooms, kennysheep_okawaru_gauntlet,
          st_stairs_14, uniq_robin

Skill      XL: |  1  2  3  4  5 |
---------------+----------------+-----
Unarmed Combat | 3 4 |  4.3
Shapeshifting  | 3 4 |  4.0
Armour         | 1 |  1.2
Fighting       | |  1.0
Dodging        | |  1.7

Action                     |  1- 3 |  4- 6 || total
---------------------------+-------+-------++-------
  Melee: Unarmed           |    79 |   133 ||   212
         Punch             |       |     5 ||     5
    Use: Potion            |     1 |       ||     1
         Scroll            |       |     1 ||     1
   Stab: Sleeping          |     3 |       ||     3
 Armour: Animal skin       |    31 |       ||    31
         Skin              |     4 |       ||     4
         Chain mail        |       |   106 ||   106
  Dodge: Dodged            |    51 |    57 ||   108

Table legend: (Time is in decaauts)
 A = Elapsed time spent in this place.
 B = Non-inter-level travel time spent in this place.
 C = Inter-level travel time spent in this place.
 D = Time resting spent in this place.
 E = Time spent auto-exploring this place.
 F = Levels seen in this place.
 G = Mean time per level.
                   A        B        C        D        E       F      G
               +--------+--------+--------+--------+--------+-----+--------+
         Total |   2453 |   2292 |    161 |    281 |   1515 |   3 |  817.7 |
       Dungeon |   2453 |   2292 |    161 |    281 |   1515 |   3 |  817.7 |
               +--------+--------+--------+--------+--------+-----+--------+

Top non-repeatable levels by time:
     D:2: 1125 daAuts
     D:1: 1010 daAuts
     D:3: 317 daAuts
